 Dungeon Crawl Stone Soup version 0.30-a0-718-geaa24f58ff (webtiles) character file.

Game seed: 1818263721436486701

265 Shayle the Sneak (level 6, 0/37 HPs)
             Began as a Tengu Brigand on Jan 25, 2023.
             Splashed by a jelly's acid (4 damage)
             ... on level 4 of the Dungeon.
             The game lasted 00:13:58 (2459 turns).

Shayle the Sneak (Tengu Brigand)                    Turns: 2459, Time: 00:13:58

Health: 0/37       AC: -2    Str: 11    XL:     6   Next: 20%
Magic:  10/10      EV: 13    Int: 13    God:
Gold:   173        SH:  0    Dex: 16    Spells: 3/9 levels left

rFire   . . .      SeeInvis .    n - +0 whip (venom)
rCold   . . .      Faith    .    (no shield)
rNeg    . . .      Spirit   .    i - +0 ring mail
rPois   .          Reflect  .    (helmet restricted)
rElec   .          Harm     .    c - +0 cloak
rCorr   .          Rampage  .    (no gloves)
Will    .....                    (boots unavailable)
Stlth   ++                       (no amulet)
HPRegen 0.26/turn                (no ring)
MPRegen 0.12/turn                (no ring)

@: corroded, flying quickly and evasively, quick
A: beak, talons 3, nimble flight
a: no special abilities


You were on level 4 of the Dungeon.
You visited 1 branch of the dungeon, and saw 4 of its levels.

You collected 173 gold pieces.

Inventory:

Hand Weapons
 a - a +2 dagger
 k - a +1 dagger of freezing
 n - a +0 whip of venom (weapon)
Missiles
 d - 9 poisoned darts
 e - 3 curare-tipped darts (quivered)
 j - 2 javelins
Armour
 b - a +0 robe
 c - a +0 cloak (worn)
 i - a +0 ring mail (worn)
Jewellery
 w - a ring of positive energy
Scrolls
 f - 3 scrolls of identify {unknown}
 h - a scroll of fear {unknown}
 p - a scroll of blinking {unknown}
 q - a scroll of enchant weapon {unknown}
 s - a scroll of fog {unknown}
 y - a scroll of teleportation {unknown}
 z - a scroll of vulnerability {unknown}
Potions
 g - a potion of brilliance
 l - a potion of haste {unknown}
 m - 3 potions of invisibility
 o - 2 potions of ambrosia {unknown}
 r - a potion of degeneration {unknown}
 t - a potion of attraction {unknown}
 u - a potion of might {unknown}
 v - a potion of flight {unknown}
 x - a potion of magic {unknown}


   Skills:
 + Level 3.3 Fighting
 - Level 2.1 Short Blades
 - Level 2.0 Throwing
 + Level 3.1 Dodging
 - Level 4.5 Stealth
 + Level 2.2 Spellcasting
 - Level 1.1 Necromancy
 + Level 1.1 Translocations
 + Level 2.0 Air Magic


You had 3 spell levels left.
You knew the following spells:

 Your Spells              Type           Power      Damage    Failure   Level
a - Vhi's Electric Charg  Tloc/Air       10%        N/A       67%         3
b - Mephitic Cloud        Conj/Pois/Air  3%         N/A       80%         3

Your spell library contained the following spells:

 Spells                   Type           Power      Damage    Failure   Level
 Cigotuvi's Dreadful Rot  Necr/Pois/Air  8%         N/A       52%         2
 Poisonous Vapours        Pois/Air       8%         N/A       52%         2
 Static Discharge         Conj/Air       8%         2-3/arc   52%         2
 Arcjolt                  Conj/Air       2%         1d12      100%        5
 Lightning Bolt           Conj/Air       2%         1d13      100%        5


Dungeon Overview and Level Annotations

Branches:
Dungeon (4/15)
 Temple: D:4-7

Altars:

Annotations:
D:2 Natasha


Innate Abilities, Weirdness & Mutations

You have a beak for a mouth.
You have claws for feet.
Your magical nature lets you fly swiftly and evasively.


Message History

You kill the ball python!
You see here a ball python corpse.
Found a robe.
f - 3 scrolls labelled COENEM MIEHOUS (gained 1)
y - a scroll labelled KURRUTIECH
Found a ring mail.
z - a scroll labelled VIERUOKAVU You now have 165 gold pieces (gained 12).
You now have 173 gold pieces (gained 8).
Found 5 stones.
Found a stone staircase leading down.
A ball python comes into view.
An orc comes into view. It is wielding a +0 dagger.
The ball python hisses angrily.
You hit the ball python.
You kill the ball python!
The orc shouts!
You see here a ball python corpse.
You hit the orc.
The orc is poisoned.
You claw the orc.
You kill the orc!
A jelly comes into view.
There is a stone staircase leading down here.
You see here a +0 dagger.
Found a book of Blood.
The jelly hits you but does no damage.
You hit the jelly.
The jelly is poisoned.
Your hands burn!
The jelly is lightly wounded.
The jelly hits you but does no damage.
You hit the jelly. The acid corrodes you!
Your hands burn!
You claw the jelly. You peck the jelly.
The jelly is moderately wounded.
The jelly hits you. The acid corrodes you!
You are splashed with acid!
You hit the jelly.
Your hands burn!
You claw the jelly, but do no damage.
The jelly is heavily wounded.
The jelly hits you.
* * * LOW HITPOINT WARNING * * *
You are splashed with acid!
* * * LOW HITPOINT WARNING * * *
You hit the jelly.
The jelly looks as sick as possible!
Your hands burn!
You die...

##........< ...#
....##....>..... #..
..:.......... .##.#
............ ....#
#........... ... .....
........... .... #...
.......... ......###..
........J### .......#...
#......@#.###...........
#................##.....
##................#.....
###...>...............#
##..................#
#.....†............#
#.......#............
##.....##....##......
#.#.................


You could see a jelly (extremely poisoned).

Vanquished Creatures
  A scorpion (D:4)
  Natasha (twice) (D:2)
  4 gnolls
  4 adders
  A dart slug (D:2)
  2 orcs
  6 ball pythons
  5 endoplasms
  4 giant cockroaches
  6 goblins
  7 hobgoblins
  4 jackals
  11 kobolds
  2 quokkas
  9 bats
  3 frilled lizards
  5 rats
76 creatures vanquished.

Notes
Turn   | Place    | Note
-------+----------+-------------------------------------------
     0 | D:1      | Shayle the Tengu Brigand began the quest for the Orb.
     0 | D:1      | Reached XP level 1. HP: 12/12 MP: 2/2
   182 | D:1      | Reached XP level 2. HP: 17/17 MP: 3/3
   494 | D:1      | Reached XP level 3. HP: 22/22 MP: 5/5
   517 | D:1      | Reached skill level 1 in Spellcasting
  1120 | D:3      | Reached XP level 4. HP: 27/27 MP: 6/6
  1337 | D:3      | Reached skill level 1 in Necromancy
  1515 | D:2      | Learned a level 3 spell: Vhi's Electric Charge
  1579 | D:2      | Gained mutation: Your magical nature lets you fly swiftly
                  | and evasively. [Tengu growth]
  1579 | D:2      | Reached XP level 5. HP: 32/32 MP: 8/8
  1623 | D:2      | Learned a level 3 spell: Mephitic Cloud
  1638 | D:2      | Noticed Natasha
  1641 | D:2      | Killed Natasha
  1642 | D:2      | Reached skill level 1 in Air Magic
  1717 | D:2      | Noticed Natasha
  1723 | D:2      | Killed Natasha
  1753 | D:2      | Identified the +0 scale mail "Vuifian" {Str+4}
  1759 | D:2      | Noticed Natasha
  1774 | D:3      | Found a faded altar of an unknown god.
  2211 | D:4      | Reached skill level 1 in Translocations
  2211 | D:4      | Reached XP level 6. HP: 33/37 MP: 10/10
  2459 | D:4      | Splashed by a jelly's acid

Illustrated notes

Levels and vault maps discovered:
D:1:      dpeg_chamrin_arrival_tetris, layout_basic
D:2:      layout_basic, uniq_natasha
D:3:      layout_rooms, chequers_ecumenical_altar_simple
D:4:      layout_cave_pools, nrook_uturn

Skill      XL: |  1  2  3  4  5 |
---------------+----------------+-----
Spellcasting   | 1 2 |  2.2
Dodging        | 2 3 |  3.1
Necromancy     | 1 |  1.1
Fighting       | 3 |  3.3
Air Magic      | 2 |  2.0
Translocations | 1 |  1.1
Short Blades   | |  2.1
Throwing       | |  2.0
Stealth        | |  4.5

Action                     |  1- 3 |  4- 6 || total
---------------------------+-------+-------++-------
  Melee: Dagger            |    69 |     5 ||    74
         Kick              |    16 |    28 ||    44
         Peck              |     5 |    18 ||    23
         Whip              |       |    92 ||    92
  Throw: Dart              |     3 |       ||     3
    Use: Potion            |     1 |     1 ||     2
   Stab: Sleeping          |     5 |    10 ||    15
 Armour: Robe              |     7 |       ||     7
         Ring mail         |    34 |    36 ||    70
  Dodge: Dodged            |    55 |    77 ||   132

Table legend: (Time is in decaauts)
 A = Elapsed time spent in this place.
 B = Non-inter-level travel time spent in this place.
 C = Inter-level travel time spent in this place.
 D = Time resting spent in this place.
 E = Time spent auto-exploring this place.
 F = Levels seen in this place.
 G = Mean time per level.
                   A        B        C        D        E       F      G
               +--------+--------+--------+--------+--------+-----+--------+
         Total |   2407 |   2367 |     40 |    326 |   1215 |   4 |  601.8 |
       Dungeon |   2407 |   2367 |     40 |    326 |   1215 |   4 |  601.8 |
               +--------+--------+--------+--------+--------+-----+--------+

Top non-repeatable levels by time:
     D:1: 846 daAuts
     D:3: 596 daAuts
     D:2: 541 daAuts
     D:4: 423 daAuts
